 Dungeon Crawl Stone Soup version 0.29-a0-317-gd16b76e6b1 (webtiles) character file.

Game seed: 17727622315705264935

10 kae the Firebug (level 2, 0/16 HPs)
             Began as a Tengu Fire Elementalist on Mar 30, 2022.
             Frozen to death by an endoplasm (5 damage)
             ... on level 1 of the Dungeon.
             The game lasted 00:00:45 (614 turns).

kae the Firebug (Tengu Fire Elementalist)            Turns: 614, Time: 00:00:45

Health: 0/16       AC:  2    Str:  8    XL:     2   Next: 20%
Magic:  4/6        EV: 12    Int: 15    God:
Gold:   5          SH:  0    Dex: 14    Spells: 4/5 levels left

rFire   . . .      SeeInvis .   (no weapon)
rCold   . . .      Faith    .   (no shield)
rNeg    . . .      Spirit   .   a - +0 robe
rPois   .          Reflect  .   (helmet restricted)
rElec   .          Harm     .   (no cloak)
rCorr   .          Rampage  .   (no gloves)
Will    .....                   (boots unavailable)
Stlth   ++........              (no amulet)
HPRegen 0.05/turn               (no ring)
MPRegen 0.10/turn               (no ring)

@: no status effects
A: beak, talons 3
a: no special abilities


You were on level 1 of the Dungeon.
You visited 1 branch of the dungeon, and saw 1 of its levels.

You collected 5 gold pieces.

Inventory:

Armour
 a - a +0 robe (worn)
Potions
 b - a potion of magic
 c - a potion of curing {unknown}


   Skills:
 + Level 0.5 Fighting
 + Level 0.4 Armour
 + Level 2.2 Dodging
 - Level 2.0 Stealth
 + Level 2.1 Spellcasting
 + Level 1.6 Conjurations
 * Level 3.5 Fire Magic


You had 4 spell levels left.
You knew the following spells:

 Your Spells              Type           Power      Damage    Failure   Level
a - Foxfire               Conj/Fire      36%        2x1d5     8%          1

Your spell library contained the following spells:

 Spells                   Type           Power      Damage    Failure   Level
 Scorch                   Fire           24%        2d6       8%          2
 Conjure Flame            Conj/Fire      9%         6-21      22%         3
 Inner Flame              Hex/Fire       6%         N/A       32%         3
 Flame Wave               Conj/Fire      9%         2d5       58%         4


Dungeon Overview and Level Annotations

Branches:
Dungeon (1/15)

Altars:


Innate Abilities, Weirdness & Mutations

You have a beak for a mouth.
You have claws for feet.


Message History

Found a red potion.
Casting: Foxfire (safe; 8% risk of failure)
Confirm with . or Enter, or press ? or * to list all spells.
You conjure some foxfire!
The foxfire hits the rat.
You kill the rat!
Casting: Foxfire (safe; 8% risk of failure)
Confirm with . or Enter, or press ? or * to list all spells.
You conjure some foxfire!
Your foxfire dissipates!
Your foxfire dissipates!
c - a red potion A ball python comes into view.
Found two leather armours.
The ball python hisses angrily.
A ball python is nearby!
A ball python is nearby!
An endoplasm comes into view.
The ball python closely misses you. x2; The ball python misses you.
The ball python grabs you. The ball python constricts you.
Casting: Foxfire (safe; 8% risk of failure)
Confirm with . or Enter, or press ? or * to list all spells.
You conjure some foxfire!
The ball python bites you. The ball python constricts you.
The endoplasm barely misses you.
The foxfire hits the ball python.
The ball python is severely wounded.
The ball python bites you. The ball python constricts you.
The endoplasm hits you.
There are monsters nearby!
Casting: Foxfire (safe; 8% risk of failure)
Confirm with . or Enter, or press ? or * to list all spells.
You conjure some foxfire!
The ball python closely misses you. The ball python constricts you.
The endoplasm freezes you.
You are frozen.
The foxfire hits the ball python.
You kill the ball python!
The endoplasm freezes you.
You are frozen.
You die...

.....^.......# #..♣♣ ♣♣....#...
....÷..#.##..##..♣♣ ♣♣...#...
.......#.##.....♣ ♣♣.##.##
#####..#.#......♣ ♣....##
.......#.#....#.♣ ♣..#...
#''#####.#....#.♣ ♣..#.##
.....8##.#....#.♣ ♣.##.#
.....≈##.#......♣♣# #♣♣.##.#
.....≈##.##.....@v##♣+♣##...##.#
.....≈##.##.[.[J#§§v...†..#.##.#
.88..≈# #.....+.........#.##.#
.....≈# #.....###.......#.##.#
.....≈# #..... #.......#.##.##
.....≈# ###### #.........##...
.<...8# #.......#.##### #######
#.......#.# #.......# #


You could see an endoplasm (ally target).

Vanquished Creatures
  An endoplasm (D:1)
  A hobgoblin (D:1)
  3 kobolds (D:1)
  3 ball pythons (D:1)
  A bat (D:1)
  4 rats (D:1)
13 creatures vanquished.

Vanquished Creatures (others)
  41 foxfires (D:1)
41 creatures vanquished.

Grand Total: 54 creatures vanquished

Notes
Turn   | Place    | Note
-------+----------+-------------------------------------------
     0 | D:1      | kae the Tengu Fire Elementalist began the quest for the
                  | Orb.
     0 | D:1      | Reached XP level 1. HP: 10/10 MP: 4/4
   333 | D:1      | Reached XP level 2. HP: 16/16 MP: 4/6
   614 | D:1      | Frozen to death by an endoplasm

Illustrated notes

Levels and vault maps discovered:
D:1:      lightli_arrival_noodles, layout_basic,
          dilly_ecumenical_altar_fadedgnrine

Action                   || total
-------------------------++-------
Melee: Unarmed           ||     1
 Cast: Foxfire           ||    25
Armor: Robe              ||     2
Dodge: Dodged            ||     7

Table legend: (Time is in decaauts)
 A = Elapsed time spent in this place.
 B = Non-inter-level travel time spent in this place.
 C = Inter-level travel time spent in this place.
 D = Time resting spent in this place.
 E = Time spent auto-exploring this place.
 F = Levels seen in this place.
 G = Mean time per level.
                   A        B        C        D        E       F      G
               +--------+--------+--------+--------+--------+-----+--------+
         Total |    614 |    614 |      0 |      0 |    537 |   1 |  614.0 |
       Dungeon |    614 |    614 |      0 |      0 |    537 |   1 |  614.0 |
               +--------+--------+--------+--------+--------+-----+--------+

Top non-repeatable levels by time:
     D:1: 614 daAuts
